 Dungeon Crawl Stone Soup version 0.15.0-27-gbdb0435 (console) character file.

1444 gw the Cruncher (level 8, -4/70 HPs)
             Began as a Minotaur Gladiator on Sept 11, 2014.
             Was a Follower of Yredelemnul.
             Succumbed to a manticore's barbed spikes
             ... on Level 6 of the Dungeon.
             The game lasted 00:04:10 (6875 turns).

gw the Cruncher (Minotaur Gladiator)                Turns: 6875, Time: 00:04:10

HP  -4/70        AC 12     Str 19      XL: 8   Next: 46%
MP   8/8         EV  7     Int  7      God: Yredelemnul [*.....]
Gold 0           SH  0     Dex 14      Spells:  0 memorised,  7 levels left

rFire  . . .     SeeInvis .     a - +0 quarterstaff
rCold  . . .     Clarity  +     i - +0 chain mail
rNeg   + . .     rCorr    .     (no shield)
rPois  .         rRot     .     c - +1 hat
rElec  .         Spirit   .     r - +0 cloak
SustAb .         Warding  +     (no gloves)
rMut   .         Stasis   .     (no boots)
Gourm  .                        q - amulet of warding
MR     .....                    (no ring)
                                (no ring)

@: manticore barbs, very slightly contaminated, hasted, very quick, not
resistant to hostile enchantments, extremely unstealthy
A: retaliatory headbutt, horns 2, clarity, clever 1, no device heal 1
a: Animate Remains, Renounce Religion


You were on level 6 of the Dungeon.
You worshipped Yredelemnul.
Yredelemnul was aware of your devotion.
You were hungry.

You visited 2 branches of the dungeon, and saw 7 of its levels.

Inventory:

Hand weapons
 a - a +0 quarterstaff (weapon)
Missiles
 d - 3 throwing nets
 e - 201 stones
 t - a tomahawk (quivered)
Armour
 c - a +1 hat (worn)
 i - a +0 chain mail (worn)
 r - a +0 cloak (worn)
Magical devices
 s - a wand of heal wounds (4) {unknown}
Comestibles
 f - 6 bread rations
 k - a beef jerky
 l - 6 slices of pizza
 m - 4 fruits
Scrolls
 b - 4 scrolls of identify
 u - a scroll of fear {unknown}
 w - a scroll of noise {unknown}
Jewellery
 q - an amulet of warding (around neck)
Potions
 g - a potion of mutation
 j - 3 potions of heal wounds
 n - a potion of curing
 o - a potion of lignification {unknown}


   Skills:
 + Level 5.8 Fighting
 * Level 8.4 Staves
 + Level 4.4 Throwing
 + Level 5.1 Armour
 - Level 3.2 Dodging
 + Level 3.3 Invocations


You had 7 spell levels left.
You didn't know any spells.

Dungeon Overview and Level Annotations

Branches:
Dungeon (6/15)             Temple (1/1) D:4

Altars:
Ashenzari
Dithmenos
Kikubaaqudgha
Nemelex Xobeh
Okawaru
Sif Muna
Trog
Vehumet
Yredelemnul
Zin
The Shining One


Innate Abilities, Weirdness & Mutations

You reflexively headbutt those who attack you in melee.
You have a pair of horns on your head.
You possess an exceptional clarity of mind.
Your mind is acute. (Int +2)
Potions and wands are less effective at restoring your health.


Message History

Search for what [Enter for "@corpse$&&!!rott&&!!skel&&!!inedible&&!!mutagenic", or ? for help]? @corpse$&&!!rott&&!!skel&&!!inedible&&!!mutagenic Unknown command.
The barbed spikes dig painfully into your body as you move.
Search for what [Enter for "@corpse$&&!!rott&&!!skel&&!!inedible&&!!mutagenic", or ? for help]? @corpse$&&!!rott&&!!skel&&!!inedible&&!!mutagenic Unknown command.
The barbed spikes dig painfully into your body as you move.
Search for what [Enter for "@corpse$&&!!rott&&!!skel&&!!inedible&&!!mutagenic", or ? for help]? @corpse$&&!!rott&&!!skel&&!!inedible&&!!mutagenic Search for what [Enter for "@corpse$&&!!rott&&!!skel&&!!inedible&&!!mutagenic", or ? for help]? @corpse$&&!!rott&&!!skel&&!!inedible&&!!mutagenic The barbed spikes dig painfully into your body as you move.
Search for what [Enter for "@corpse$&&!!rott&&!!skel&&!!inedible&&!!mutagenic", or ? for help]? @corpse$&&!!rott&&!!skel&&!!inedible&&!!mutagenic Search for what [Enter for "@corpse$&&!!rott&&!!skel&&!!inedible&&!!mutagenic", or ? for help]? @corpse$&&!!rott&&!!skel&&!!inedible&&!!mutagenic The barbed spikes dig painfully into your body as you move.
Search for what [Enter for "@corpse$&&!!rott&&!!skel&&!!inedible&&!!mutagenic", or ? for help]? @corpse$&&!!rott&&!!skel&&!!inedible&&!!mutagenic Search for what [Enter for "@corpse$&&!!rott&&!!skel&&!!inedible&&!!mutagenic", or ? for help]? @corpse$&&!!rott&&!!skel&&!!inedible&&!!mutagenic The barbed spikes dig painfully into your body as you move.
Search for what [Enter for "@corpse$&&!!rott&&!!skel&&!!inedible&&!!mutagenic", or ? for help]? @corpse$&&!!rott&&!!skel&&!!inedible&&!!mutagenic Search for what [Enter for "@corpse$&&!!rott&&!!skel&&!!inedible&&!!mutagenic", or ? for help]? @corpse$&&!!rott&&!!skel&&!!inedible&&!!mutagenic The barbed spikes dig painfully into your body as you move.
You die...
Your body rises from the dead as a mindless zombie.

#.##.....##.......# #...##.
#.###.#..##.......# #.####.
#.................# #.####.
########.##.......# #......
#.##......####?#####
#.##.##.#.......#
####.##.##.........####
#.......#...$.##....>..
#.##.#H.............### ###
#####.##.#.##.....###...###
..#####...#.##...###.<...........
#...........####.###.#######.....
[.##.................## #..#'#
####........##.####...# #..#_#
#.......>##...##...# #..#+#
#.#......##.#.##...### #.....
##.##..|..#PPP.PPPPPPP####.....


There were no monsters in sight!

Table legend:
 A = Turns spent in this place as a percentage of turns spent in the entire game.
 B = Non-inter-level travel turns spent in this place as a percentage of non-inter-level travel turns spent in the entire game.
 C = Inter-level travel turns spent in this place as a percentage of turns spent in this place.
 D = Turns resting spent in this place as a percentage of non-inter-level travel turns spent in this place.
 E = Turns spent auto-exploring this place as a percentage of non-inter-level travel turns spent in this place.
 F = Non-inter-level travel turns spent in this place divided by the number of levels of this place that you've seen.
                   A       B       C       D       E      F
               +-------+-------+-------+-------+-------+----------------------
         Total | 100.0 | 100.0 |   2.9 |   4.6 |  11.9 | 315.0
       Dungeon |  97.5 |  97.5 |   2.9 |   4.5 |  11.9 | 358.3
        Temple |   2.5 |   2.5 |   1.8 |   7.3 |  12.7 |  55.0
               +-------+-------+-------+-------+-------+----------------------

Table legend:
 A = Kills in this place as a percentage of kills in entire the game.
 B = Kills by you in this place as a percentage of kills by you in the entire game.
 C = Kills by friends in this place as a percentage of kills by friends in the entire game.
 D = Other kills in this place as a percentage of other kills in the entire game.
 E = Experience gained in this place as a percentage of experience gained in the entire game.
 F = Experience gained in this place divided by the number of levels of this place that you have seen.
                   A       B       C       D       E      F
               +-------+-------+-------+-------+-------+----------------------
         Total | 100.0 | 100.0 |  -nan |  -nan | 100.0 | 294.7
       Dungeon | 100.0 | 100.0 |  -nan |  -nan | 100.0 | 343.8
               +-------+-------+-------+-------+-------+----------------------

Vanquished Creatures
  Edmund (D:6)
  An ice beast (D:5)
  A sky beast (D:6)
  3 ogres
  A black bear (D:6)
  3 giant frogs (D:6)
  A vampire bat (D:4)
  A goliath beetle (D:6)
  A jelly (D:6)
  3 crimson imps (D:5)
  A giant frog skeleton (D:3)
  A hound (D:4)
  3 worker ants (D:4)
  An orc wizard (D:4)
  Terence (D:3)
  An orc zombie (D:6)
  A white imp (D:5)
  8 adders
  3 shadow imps
  A giant mite (D:5)
  3 giant geckos
  4 orcs
  A bat skeleton (D:5)
  6 bat zombies (D:4)
  4 giant cockroaches
  15 hobgoblins
  2 quokkas
  10 bats
  8 giant newts
  9 goblins
  9 jackals
  12 kobolds
  13 rats
  A rat skeleton (D:4)
134 creatures vanquished.

Notes
Turn   | Place    | Note
--------------------------------------------------------------
     0 | D:1      | gw, the Minotaur Gladiator, began the quest for the Orb.
     0 | D:1      | Reached XP level 1. HP: 18/18 MP: 1/1
   167 | D:1      | Reached skill level 4 in Staves
   360 | D:1      | Reached XP level 2. HP: 25/25 MP: 1/1
   850 | D:1      | Gained mutation: Potions and wands are less effective at restoring your health. [potion of mutation]
   850 | D:1      | Gained mutation: You possess an exceptional clarity of mind. [potion of mutation]
   850 | D:1      | Gained mutation: Your mind is acute. (Int +2) [potion of mutation]
  1066 | D:2      | Reached XP level 3. HP: 30/30 MP: 2/2
  1265 | D:2      | Reached skill level 1 in Armour
  1378 | D:2      | Reached skill level 5 in Staves
  1628 | D:2      | Reached XP level 4. HP: 26/38 MP: 2/2
  2367 | D:3      | Noticed Terence
  2378 | D:3      | Killed Terence
  2645 | D:3      | Found a shadowy altar of Dithmenos.
  2656 | D:3      | Reached XP level 5. HP: 42/45 MP: 2/2
  3391 | D:4      | Found a staircase to the Ecumenical Temple.
  3400 | Temple   | Entered the Ecumenical Temple
  3412 | Temple   | Became a worshipper of Yredelemnul the Dark
  3734 | D:4      | Noticed a phantom
  3816 | D:4      | Reached XP level 6. HP: 50/52 MP: 3/3
  3854 | D:4      | Found an ancient bone altar of Kikubaaqudgha.
  3861 | D:4      | Reached skill level 6 in Staves
  4184 | D:5      | Entered Level 5 of the Dungeon
  4287 | D:5      | Reached skill level 1 in Invocations
  4381 | D:5      | Reached XP level 7. HP: 29/60 MP: 4/4
  4570 | D:5      | Found an iron altar of Okawaru.
  4607 | D:5      | Reached skill level 7 in Staves
  4897 | D:5      | Found a glowing golden altar of the Shining One.
  5424 | D:6      | Reached skill level 5 in Fighting
  5538 | D:6      | Noticed a manticore
  5815 | D:6      | Noticed Edmund
  5834 | D:6      | Killed Edmund
  5957 | D:6      | Reached XP level 8. HP: 59/68 MP: 6/6
  6322 | D:6      | Acquired Yredelemnul's first power
  6322 | D:6      | Reached skill level 8 in Staves
  6490 | D:6      | Found a bloodstained altar of Trog.
  6542 | D:6      | Reached skill level 5 in Armour
  6874 | D:6      | HP: 1/70 [barbs]
  6875 | D:6      | Succumbed to a manticore's barbed spikes

Action                   |  1- 3 |  4- 6 |  7- 9 || total
-------------------------+-------+-------+-------++-------
Melee: Quarterstaff      |    73 |   115 |   116 ||   304
Throw: Stone             |    78 |    59 |    36 ||   173
       Tomahawk          |       |    31 |     9 ||    40
       Javelin           |       |       |    12 ||    12
Invok: Animate Remains   |       |       |     2 ||     2
  Use: Scroll            |     2 |     5 |     5 ||    12
       Potion            |     2 |     7 |     2 ||    11
  Eat: Chunk             |     5 |     9 |     8 ||    22

Vault maps used:
D:1:      lemuel_arrival_broad_hall
D:3:      overflow_temple_1_default, solitary_fountain, uniq_terence
D:4:      kennysheep_vampire_church, minmay_temple_entry_grid, first_bread
D:5:      nicolae_overflow_hidden_temple, lemuel_round_altar,
          minmay_fire_ice_demons
D:6:      kennysheep_mini_moat, minmay_hedge_maze, hangedman_decor_opposing,
          uniq_edmund
Temple:   circular_temple_6
